AoeStats
← karasangil

Arabian Desert

511220770Analyzed
1v1 RM · 13d ago on Oct 4, 2026· 30m 17s· 2 players
Game mode
Random Map
Map size
Tiny (2 player)
Population
200
Speed
Normal
Resources
Standard
Victory
Conquest
Starting age
Dark Age
Ending age
Imperial Age
RankedLock teamsTeams togetherTeam positionsShared explorationLock speedFull tech treeHidden civsTurbo modeCheats
Victory
Defeat
🇫🇷 Lithuanians · France
1169
+17
vs
🇹🇷 Tatars · Türkiye
1196
-17
karasangil
4:39 Loom
5:07 Loom
10:59 Feudal Age
12:07 Double-Bit Axe
12:42 Horse Collar
21:22 Castle Age
19:43 Fletching
21:01 Padded Archer Armor
26:42 Bodkin Arrow
27:42 Husbandry
Skunq aka toxic
9:40 Feudal Age
11:58 Double-Bit Axe
11:54 Horse Collar
14:57 Scale Barding Armor
15:02 Forging
15:07 Bloodlines
19:52 Loom
22:32 Castle Age
20:46 Gold Mining
23:57 Chain Barding Armor
24:13 Iron Casting
24:57 Husbandry
30:09 Light Cavalry
Connection lost

Rejoining the realm…

Still unreachable

The connection could not be restored.

Session expired

The server has moved on; the page needs a fresh start.